 Dungeon Crawl Stone Soup version 0.27.1-4-g1640c2035a (webtiles) character file.

Game seed: 18405125423155717939

380 unlimited1921 the Vexing (level 6, -11/47 HPs)
             Began as a Gnoll Arcane Marksman on Nov 1, 2021.
             Was an Initiate of Gozag.
             Splashed with acid (15 damage)
             ... on level 5 of the Dungeon.
             The game lasted 00:27:32 (5372 turns).

unlimited1921 the Vexing (Gnoll Arcane Marksman)    Turns: 5372, Time: 00:27:32

Health: -11/47     AC:  0    Str:  7    XL:     6   Next: 75%
Magic:  11/11      EV: 13    Int: 19    God:    Gozag
Gold:   365        SH:  5    Dex: 12    Spells: 3/12 levels left

rFire    . . .     SeeInvis .   a - +0 hand crossbow
rCold    . . .     Faith    .   (no shield)
rNeg     . . .     Spirit   .   d - +0 robe
rPois    .         Reflect  +   (no helmet)
rElec    .         Harm     .   (no cloak)
rCorr    .         Rampage  .   (no gloves)
Will     .....                  e - +0 pair of boots
Stlth    +.........             H - amulet of reflection
HPRegen  0.15/turn              C - +6 ring of intelligence
MPRegen  0.12/turn              (no ring)

@: corroded, contaminated, glowing
A: fangs 1, strong nose, distributed training, weak 2, subdued magic 1
a: Renounce Religion, Potion Petition, Call Merchant, Bribe Branch


You were on level 5 of the Dungeon.
You worshipped Gozag.
Gozag was aware of your devotion.
You visited 1 branch of the dungeon, and saw 5 of its levels.

You collected 411 gold pieces.
You paid 46 gold pieces to Gozag.

Inventory:

Hand Weapons
 a - a +0 hand crossbow (weapon)
 h - a +3 whip of distortion
 k - a +0 quarterstaff
 w - a +0 flail
 x - a +0 shortbow
 y - a +0 falchion
 D - a +0 dagger of venom
 G - a +1 dagger of speed
Missiles
 c - 8 bolts (quivered ammo)
 m - 204 stones
 p - 5 atropa-tipped darts
 s - 92 arrows
 u - 18 poisoned darts
Armour
 d - a +0 robe (worn)
 e - a +0 pair of boots (worn)
 g - a +0 ring mail
 j - a +0 chain mail
 B - a +0 leather armour
Jewellery
 i - an amulet of guardian spirit
 C - a +6 ring of intelligence (left hand)
 H - an amulet of reflection (around neck)
Scrolls
 b - 3 scrolls of teleportation
 f - 3 scrolls of enchant weapon
 r - a scroll of magic mapping
 v - 2 scrolls of amnesia
 z - a scroll of vulnerability {unknown}
 A - a scroll of acquirement {unknown}
 E - 2 scrolls of immolation {unknown}
 I - a scroll of enchant armour {unknown}
Potions
 l - a potion of heal wounds
 n - a potion of might
 o - 3 potions of mutation
 q - a potion of cancellation {unknown}
 t - a potion of flight
 J - a potion of ambrosia


   Skills:
 + Level 3.3 Fighting
 + Level 2.1 Short Blades
 + Level 2.1 Long Blades
 + Level 2.1 Axes
 + Level 2.1 Maces & Flails
 + Level 2.1 Polearms
 + Level 2.1 Staves
 + Level 2.1 Slings
 + Level 2.1 Bows
 + Level 5.0 Crossbows
 + Level 2.1 Throwing
 + Level 2.1 Armour
 + Level 5.0 Dodging
 + Level 2.1 Stealth
 + Level 2.1 Shields
 + Level 2.1 Unarmed Combat
 + Level 3.5 Spellcasting
 + Level 1.6 Conjurations
 + Level 5.7 Hexes
 + Level 1.6 Summonings
 + Level 1.6 Necromancy
 + Level 1.6 Translocations
 + Level 1.6 Transmutations
 + Level 1.6 Fire Magic
 + Level 1.6 Ice Magic
 + Level 1.6 Air Magic
 + Level 1.6 Earth Magic
 + Level 1.6 Poison Magic
 + Level 2.3 Invocations
 + Level 2.1 Evocations


You had 3 spell levels left.
You knew the following spells:

 Your Spells              Type           Power      Damage    Failure   Level
a - Corona                Hex            21%        N/A       1%          1
b - Slow                  Hex            19%        N/A       1%          2
c - Inner Flame           Hex/Fire       13%        N/A       8%          3
d - Portal Projectile     Hex/Tloc       26%        N/A       8%          3

Your spell library contained the following spells:

 Spells                   Type           Power      Damage    Failure   Level
 Sting                    Tmut/Pois      28%        1d4       6%          1
 Poisonous Vapours        Pois/Air       14%        N/A       9%          2
 Cause Fear               Hex            9%         N/A       12%         4
 Olgreb's Toxic Radiance  Pois           7%         N/A       54%         4


Dungeon Overview and Level Annotations

Branches:
Dungeon (5/15)
 Temple: D:4-7

Altars:
Cheibriados
Gozag
Qazlal


Innate Abilities, Weirdness & Mutations

You have very sharp teeth.
Your uncanny sense of smell can sniff out nearby items.
Your experience applies equally to all skills.
You are very weak. (Str -4)
Your spells are a little easier to cast, but a little less powerful.


Message History

q - a sedimented ruby potion
Found a scroll of identify.
An ogre comes into view. It is wielding a +0 giant club.
The helpless ogre fails to defend itself.
You hit the ogre.
The ogre is lightly wounded.
The ogre blinks!
You hit the ogre.
Space bends around the ogre.
The ogre is moderately wounded.
You hit the ogre.
The ogre is heavily wounded.
The ogre closely misses you.
You hit the ogre.
The ogre is severely wounded.
The ogre barely misses you.
You barely miss the ogre.
The ogre is severely wounded.
The ogre hits you with a +0 giant club!!
Ouch! That really hurt!
You are too injured to fight recklessly!
You are too injured to fight recklessly!
You are too injured to fight recklessly!
You are too injured to fight recklessly!
You are too injured to fight recklessly!
The ogre hits you with a +0 giant club!!
* * * LOW HITPOINT WARNING * * *
Blink to where?
Press: ? - help, Dir - move target
As you read the scroll of blinking, it crumbles to dust.
An ogre is nearby!
Space warps into you!
You are contaminated with residual magic.
a - a +0 hand crossbow (weapon)
You are too injured to fight recklessly!
Your body shudders with the violent release of wild energies!
The magical storm engulfs you.
* * * LOW HITPOINT WARNING * * *
The acid corrodes you!
You are splashed with acid!
You die...
Your body crumbles into a pile of gold.

### #.. #.# #.# ##.##
#...# #.# ###.@.### #.#
##.......# #.#
#........# #.#
#........# #.#
#.##.?.### #.####
#O##...# ###.#...
#.###### #....... #.#
#.#...).
#.#############ยง###.#.


You could see an ogre.

Vanquished Creatures
  A centaur skeleton (D:4)
  An iguana (D:5)
  A howler monkey zombie (D:5)
  3 adders
  3 gnolls (D:2)
  A shadow imp (D:5)
  An ufetubus (D:5)
  A worm (D:2)
  5 dart slugs
  5 orcs
  6 ball pythons
  11 endoplasms
  A giant cockroach (D:2)
  5 goblins
  6 hobgoblins
  9 jackals
  10 kobolds
  A quokka (D:1)
  7 bats
  6 frilled lizards
  7 rats
91 creatures vanquished.

Notes
Turn   | Place    | Note
-------+----------+-------------------------------------------
     0 | D:1      | unlimited1921 the Gnoll Arcane Marksman began the quest for
                  | the Orb.
     0 | D:1      | Reached XP level 1. HP: 17/17 MP: 4/4
    36 | D:1      | Reached XP level 2. HP: 14/23 MP: 5/5
   339 | D:1      | Found a faded altar of an unknown god.
   551 | D:1      | Reached XP level 3. HP: 28/28 MP: 7/7
  1320 | D:1      | Reached skill level 1 in Invocations
  1394 | D:2      | Reached skill level 1 in Short Blades
  1394 | D:2      | Reached skill level 1 in Long Blades
  1394 | D:2      | Reached skill level 1 in Axes
  1394 | D:2      | Reached skill level 1 in Maces & Flails
  1394 | D:2      | Reached skill level 1 in Polearms
  1394 | D:2      | Reached skill level 1 in Staves
  1394 | D:2      | Reached skill level 1 in Slings
  1394 | D:2      | Reached skill level 1 in Bows
  1394 | D:2      | Reached skill level 1 in Throwing
  1394 | D:2      | Reached skill level 1 in Armour
  1394 | D:2      | Reached skill level 1 in Stealth
  1394 | D:2      | Reached skill level 1 in Shields
  1394 | D:2      | Reached skill level 1 in Unarmed Combat
  1394 | D:2      | Reached skill level 1 in Evocations
  1442 | D:2      | Reached XP level 4. HP: 29/34 MP: 8/8
  1851 | D:2      | Reached skill level 1 in Conjurations
  1851 | D:2      | Reached skill level 1 in Summonings
  1851 | D:2      | Reached skill level 1 in Necromancy
  1851 | D:2      | Reached skill level 1 in Translocations
  1851 | D:2      | Reached skill level 1 in Transmutations
  1851 | D:2      | Reached skill level 1 in Fire Magic
  1851 | D:2      | Reached skill level 1 in Ice Magic
  1851 | D:2      | Reached skill level 1 in Air Magic
  1851 | D:2      | Reached skill level 1 in Earth Magic
  1851 | D:2      | Reached skill level 1 in Poison Magic
  2269 | D:2      | Reached XP level 5. HP: 40/40 MP: 9/9
  2751 | D:2      | Learned a level 2 spell: Slow
  2755 | D:2      | Learned a level 3 spell: Inner Flame
  2759 | D:2      | Learned a level 3 spell: Portal Projectile
  2785 | D:3      | Found a stormy altar of Qazlal.
  2798 | D:3      | Found a snail-covered altar of Cheibriados.
  2817 | D:3      | Gained mutation: You are dopey. (Int -2) [mutagenic glow]
  3133 | D:3      | Found an opulent altar of Gozag.
  3141 | D:3      | Became a worshipper of Gozag Ym Sagoz the Greedy
  3649 | D:3      | Lost mutation: You are dopey. (Int -2) [potion of mutation]
  3649 | D:3      | Gained mutation: You are weak. (Str -2) [potion of
                  | mutation]
  3649 | D:3      | Gained mutation: You are very weak. (Str -4) [potion of
                  | mutation]
  3649 | D:3      | Gained mutation: Your spells are a little easier to cast,
                  | but a little less powerful. [potion of mutation]
  3742 | D:4      | Reached XP level 6. HP: 45/47 MP: 10/10
  4347 | D:4      | Reached skill level 5 in Crossbows
  4347 | D:4      | Reached skill level 5 in Dodging
  4666 | D:5      | Entered Level 5 of the Dungeon
  5372 | D:5      | Splashed with acid

Illustrated notes

Levels and vault maps discovered:
D:1:      dpeg_arrival_tiny_a, layout_basic, chequers_ecumenical_altar_island,
          minmay_small_reverse_x
D:2:      layout_rooms, minmay_octomino_e4
D:3:      layout_loops_ring, mainiacjoe_overflow_catwalk_spiral,
          mainiacjoe_overflow_surrounded_room
D:4:      layout_loops_ring, chequers_serial_rivers_micro_d
D:5:      layout_loops_ring

Skill      XL: |  1  2  3  4  5  6 |
---------------+-------------------+-----
Invocations    | 1 2 |  2.3
Short Blades   | 1 2 |  2.1
Long Blades    | 1 2 |  2.1
Axes           | 1 2 |  2.1
Maces & Flails | 1 2 |  2.1
Polearms       | 1 2 |  2.1
Staves         | 1 2 |  2.1
Slings         | 1 2 |  2.1
Bows           | 1 2 |  2.1
Throwing       | 1 2 |  2.1
Armour         | 1 2 |  2.1
Stealth        | 1 2 |  2.1
Shields        | 1 2 |  2.1
Unarmed Combat | 1 2 |  2.1
Evocations     | 1 2 |  2.1
Spellcasting   | 3 |  3.5
Conjurations   | 1 |  1.6
Summonings     | 1 |  1.6
Necromancy     | 1 |  1.6
Translocations | 1 |  1.6
Transmutations | 1 |  1.6
Fire Magic     | 1 |  1.6
Ice Magic      | 1 |  1.6
Air Magic      | 1 |  1.6
Earth Magic    | 1 |  1.6
Poison Magic   | 1 |  1.6
Fighting       | 3 |  3.3
Crossbows      | 5 |  5.0
Dodging        | 5 |  5.0
Hexes          | |  5.7

Action                   |  1- 3 |  4- 6 || total
-------------------------+-------+-------++-------
Melee: Whip              |    32 |   135 ||   167
       Bite              |       |     4 ||     4
 Fire: Hand crossbow     |    37 |    12 ||    49
Throw: Dart              |       |     1 ||     1
  Use: Scroll            |       |     8 ||     8
       Potion            |       |     3 ||     3
 Stab: Sleeping          |     2 |     5 ||     7
       Distracted        |       |     2 ||     2
Armor: Robe              |    12 |    21 ||    33
Dodge: Dodged            |    33 |    99 ||   132
Block: Other             |       |     3 ||     3
